 Dungeon Crawl Stone Soup version 0.28.0 (webtiles) character file.

Game seed: 12812287033253986157

59042 brinewave the Warrior (level 14, -5/140 HPs)
             Began as a Minotaur Berserker on Feb 20, 2022.
             Was the Champion of Trog.
             Slain by a spriggan rider (9 damage)
             ... on level 6 of the Lair of Beasts.
             The game lasted 01:19:46 (21791 turns).

brinewave the Warrior (Minotaur Berserker)         Turns: 21791, Time: 01:19:46

Health: -5/140     AC: 25    Str: 25    XL:     14   Next: 51%
Magic:  13/13      EV: 13    Int:  4    God:    Trog [******]
Gold:   1126       SH:  0    Dex: 14    Spells: 13/13 levels left

rFire   + . .      SeeInvis +   I - +7 spear of the Eleven Runes {flame, Dex+2}
rCold   . . .      Faith    .   (no shield)
rNeg    . . .      Spirit   .   y - +0 plate armour
rPois   +          Reflect  .   k - +1 hat
rElec   .          Harm     .   o - +1 cloak {rF+}
rCorr   .          Rampage  +   (no gloves)
Will    +....                   T - +2 pair of boots {rampage}
Stlth   ..........              H - amulet of regeneration
HPRegen 1.13/turn               q - ring of poison resistance
MPRegen 0.13/turn               J - ring of see invisible

@: about to teleport, studying Invocations
A: horns 2, retaliatory headbutt
a: Renounce Religion, Berserk, Trog's Hand, Brothers in Arms


You were on level 6 of the Lair of Beasts.
You worshipped Trog.
Trog was exalted by your worship.
You visited 2 branches of the dungeon, and saw 17 of its levels.
You also visited: Ossuary and Volcano.

You collected 1678 gold pieces.
You spent 552 gold pieces at shops.

Inventory:

Hand Weapons
 a - a +0 arbalest of freezing
 b - a +2 war axe of protection
 c - a +5 hand axe
 s - a +1 flail of holy wrath
 z - a +0 shortbow
 I - the +7 spear of the Eleven Runes (weapon) {flame, Dex+2}
   (You took it off an orc on level 8 of the Dungeon)

   It burns those it strikes, dealing additional fire damage.
   Dex:       It affects your dexterity (+2).
Missiles
 d - 84 poisoned darts (quivered)
Armour
 g - a +4 ring mail of fire resistance
 k - a +1 hat (worn)
 o - a +1 cloak of fire resistance (worn)
 x - a scarf of shadows
 y - a +0 plate armour (worn)
 N - a +2 cloak
 T - a +2 pair of boots of rampaging (worn)
 U - a +2 robe of cold resistance
Jewellery
 f - a ring of resist corrosion
 q - a ring of poison resistance (left hand)
 w - a +6 ring of dexterity
 H - an amulet of regeneration (around neck)
 J - a ring of see invisible (right hand)
 L - a ring of flight
 M - a ring of protection from fire
 O - a ring of ice
 Q - a +6 ring of strength
 Y - the ring of Dithmenos's Grace {rN+ Str+3 Int+6}
   (You acquired it on level 2 of the Lair of Beasts)

   [ring of intelligence]

   Str:       It affects your strength (+3).
   Int:       It affects your intelligence (+6).
   rN:        It protects you from negative energy.
Wands
 e - a wand of digging (6)
 l - a wand of flame (81)
 p - a wand of iceblast (22)
 u - a wand of acid (10)
 D - a wand of paralysis (6)
Scrolls
 t - 8 scrolls of teleportation
 v - 5 scrolls of fear
 A - 2 scrolls of enchant weapon
 C - 2 scrolls of magic mapping
 F - 2 scrolls of fog
 P - 2 scrolls of blinking
 S - 2 scrolls of silence
 V - 3 scrolls of torment
 W - a scroll of holy word
 Z - 2 scrolls of identify
Potions
 h - 4 potions of magic
 i - 3 potions of resistance
 j - 3 potions of cancellation
 n - 7 potions of heal wounds
 r - 2 potions of might
 B - 4 potions of curing
 E - a potion of ambrosia
 G - 4 potions of flight
 R - a potion of haste
 X - a potion of invisibility
Miscellaneous
 m - a condenser vane
 K - a phantom mirror


   Skills:
 + Level 17.3 Fighting
 - Level 11.2(12.7) Axes
 - Level 9.7(12.0) Polearms
 + Level 17.2 Armour
 + Level 12.1 Dodging


You had 13 spell levels left.
You didn't know any spells.
Your spell library was empty.

Dungeon Overview and Level Annotations

Branches:
Dungeon (11/15)            Temple (0/1) D:5            Lair (6/6) D:11
  Swamp (0/4) Lair:3       Spider (0/4) Lair:2        Slime (0/5) Lair:6
    Orc (0/2) D:10        Ossuary (visited)         Volcano (visited)

Altars:
Elyvilon
Gozag
Sif Muna
Xom
The Shining One

Shops:
D:1 =

Annotations:
Lair:4 3 runed translucent doors, everene's ghost, journeyman TrMo


Innate Abilities, Weirdness & Mutations

You have a pair of horns on your head.
You reflexively headbutt those who attack you in melee.


Message History

The eight-headed hydra completely misses you.
The eight-headed hydra barely misses you.
The eight-headed hydra bites you but does no damage. x2
The eight-headed hydra barely misses you.
The eight-headed hydra bites you but does no damage.
The wolf barely misses you.
The spriggan rider hits you from afar with a +0 spear.
* * * LOW HITPOINT WARNING * * *
The death yak barely misses you. The wolf bites you but does no damage.
The yak bellows!
You hit the death yak but do no damage. You headbutt the death yak!
You punch the death yak, but do no damage.
The death yak is heavily wounded.
The wolf bites you but does no damage. The eight-headed hydra bites you!
* * * LOW HITPOINT WARNING * * *
The eight-headed hydra bites you but does no damage. x3
The eight-headed hydra barely misses you.
The eight-headed hydra misses you.
The eight-headed hydra closely misses you.
The eight-headed hydra barely misses you.
The spriggan rider hits you but does no damage.
You puncture the death yak! You burn the death yak.
The death yak is heavily wounded.
The wolf bites you but does no damage. x2; The death yak gores you!
* * * LOW HITPOINT WARNING * * *
You puncture the death yak! You burn the death yak.
The death yak is severely wounded.
The wolf barely misses you. You furiously retaliate!
You headbutt the wolf.
The eight-headed hydra bites you but does no damage.
The eight-headed hydra bites you.
* * * LOW HITPOINT WARNING * * *
The eight-headed hydra bites you!
* * * LOW HITPOINT WARNING * * *
The eight-headed hydra bites you but does no damage. x3
The eight-headed hydra bites you.
* * * LOW HITPOINT WARNING * * *
The eight-headed hydra bites you.
* * * LOW HITPOINT WARNING * * *
The spriggan rider hits you from afar with a +0 spear!
You die... ..Y.♣.♣ ♣...†#.....# ♣♣YY♣S.♣ ♣...####.... ♣..Yii. ♣.....###... .yyh♣

♣....#####..
♣hh♣
♣♣......##.#.
♣iS♣
♣..♣....###.#
♣ih♣♣
♣♣.♣♣#.....#..
♣♣DD♣ ♣.♣♣
♣♣.......
♣h@♣♣♣.♣
♣.......
♣♣♣Yi♣.♣
♣♣......
♣...♣♣ ♣♣#....
♣♣...♣ ♣#...
♣..♣♣ #...
♣♣.. ###. ....
#.. ...♣♣ #.##
♣... .


You could see a death yak, an eight-headed hydra (summoned), a seven-headed
hydra (summoned), a spriggan rider, a black mamba (summoned), 3 yaks, 2 hornets,
a water moccasin, 4 spriggans and 5 wolves.

Vanquished Creatures
  Gastronok (Lair:3)
  A yaktaur captain (D:10)
  7 hydras
  2 catoblepae
  Fannar (D:11)
  An anaconda (Lair:6)
  A two-headed ogre (D:10)
  Erica (D:8)
  The ghost of Radamante the Cleaver, a journeyman TeFi of Trog (D:10)
  7 death yaks
  Pikel (D:7)
  A bog body (Lair:3)
  4 lindwurms
  3 cyclopes
  An ugly thing (D:8)
  2 manticores
  9 elephants
  A toenail golem (Volcano)
  A torpor snail (Lair:6)
  2 black mambas
  3 molten gargoyles (Volcano)
  21 cane toads
  Psyche (D:8)
  2 efreet (Volcano)
  2 unseen horrors
  A kobold demonologist (D:11)
  3 komodo dragons
  2 trolls
  4 polar bears
  A hornet (D:7)
  Grinder (D:5)
  A dream sheep (Lair:6)
  19 blink frogs
  2 spriggans (Lair:6)
  A wraith (D:10)
  Sigmund (D:3)
  38 yaks
  3 shadows (D:11)
  4 fire elementals (Volcano)
  6 basilisks
  4 vampire mosquitoes (D:11)
  A swamp worm (Lair:3)
  3 steam dragons
  Menkaure (D:6)
  Edmund (D:6)
  20 water moccasins
  3 acid dragons (D:8)
  Duvessa (D:7)
  7 black bears
  8 orc warriors
  A swamp drake (D:10)
  A sky beast (D:7)
  4 ice beasts
  A necrophage (D:5)
  3 ogres
  6 centaurs
  22 wolves
  A lemure (D:7)
  14 kobold brigands
  14 bullfrogs
  2 earth elementals (Volcano)
  A gnoll sergeant (D:9)
  2 wyvern zombies
  Dowan (D:7)
  4 killer bees (D:8)
  5 howler monkeys
  8 wights
  An electric eel (Lair:3)
  A bullfrog zombie (D:7)
  6 centaur zombies
  10 jellies
  3 orc priests
  A hound (D:5)
  Jessica (D:3)
  4 iguanas
  A scorpion zombie (D:5)
  17 orc wizards
  6 hell rats
  2 killer bee zombies
  8 mummies (Ossuary)
  3 howler monkey zombies
  16 gnolls
  A howler monkey skeleton (D:7)
  9 adders
  A shadow imp (D:7)
  A white imp (D:7)
  An ufetubus (D:5)
  47 orcs
  5 bats
  17 endoplasms
  3 giant cockroaches
  6 goblins
  3 jackals (D:3)
  A quokka (D:1)
  5 ball pythons
  4 frilled lizards
  A hobgoblin zombie (Ossuary)
  24 kobolds
  4 kobold zombies (Ossuary)
  3 orc zombies (Ossuary)
  5 rats
  A fire vortex (Volcano)
525 creatures vanquished.

Vanquished Creatures (others)
  A quokka (D:8)
  A fire vortex (Volcano)
  62 fungi
  60 plants
  4 toadstools (D:4)
128 creatures vanquished.

Grand Total: 653 creatures vanquished

Notes
Turn   | Place    | Note
-------+----------+-------------------------------------------
     0 | D:1      | brinewave the Minotaur Berserker began the quest for the
                  | Orb.
     0 | D:1      | Reached XP level 1. HP: 19/19 MP: 0/0
   156 | D:1      | Found Usyugoro's Jewellery Shoppe.
   162 | D:1      | Reached XP level 2. HP: 25/27 MP: 1/1
   720 | D:1      | Reached ** piety under Trog
   949 | D:2      | Reached XP level 3. HP: 32/33 MP: 2/2
   983 | D:2      | Reached XP level 4. HP: 24/41 MP: 3/3
  2143 | D:3      | Noticed Sigmund
  2159 | D:3      | Killed Sigmund
  2160 | D:3      | Reached skill level 5 in Fighting
  2160 | D:3      | Reached skill level 5 in Axes
  2160 | D:3      | Reached XP level 5. HP: 37/49 MP: 4/4
  2160 | D:3      | Reached XP level 6. HP: 42/56 MP: 5/5
  2578 | D:3      | Noticed Jessica
  2582 | D:3      | Killed Jessica
  2583 | D:3      | Reached skill level 5 in Armour
  2907 | D:4      | Noticed an ice beast
  2924 | D:4      | Killed an ice beast
  3311 | D:4      | Reached *** piety under Trog
  3665 | D:4      | Reached XP level 7. HP: 62/63 MP: 6/6
  3780 | D:5      | Entered Level 5 of the Dungeon
  3783 | D:5      | Found a staircase to the Ecumenical Temple.
  4265 | D:5      | Noticed Grinder
  4273 | D:5      | Paralysed by Grinder for 4 turns
  4277 | D:5      | Killed Grinder
  4278 | D:5      | Reached XP level 8. HP: 73/73 MP: 7/7
  4981 | D:6      | Noticed a cyclops
  4986 | D:6      | Killed a cyclops
  5325 | D:6      | HP: 5/112 [ogre (14)]
  5767 | D:6      | Noticed Edmund
  5775 | D:6      | Killed Edmund
  5776 | D:6      | Reached XP level 9. HP: 63/82 MP: 8/8
  6391 | D:6      | Reached **** piety under Trog
  6518 | D:6      | Noticed Menkaure
  6523 | D:6      | Killed Menkaure
  6925 | D:7      | You fall into a shaft and drop 2 floors!
  7135 | D:7      | Noticed Dowan
  7137 | D:7      | Noticed Duvessa
  7141 | D:7      | Killed Dowan
  7142 | D:7      | Reached skill level 10 in Axes
  7149 | D:7      | Killed Duvessa
  7150 | D:7      | Reached skill level 10 in Fighting
  7190 | D:7      | Found a sand-covered staircase.
  7197 | Ossuary  | Entered an ossuary
  7681 | D:7      | Reached skill level 10 in Armour
  7771 | D:7      | Reached ***** piety under Trog
  8173 | D:7      | Found a glowing golden altar of the Shining One.
  8178 | D:7      | Noticed Pikel
  8230 | D:7      | Killed Pikel
  8231 | D:7      | Reached XP level 10. HP: 62/94 MP: 9/9
  9304 | D:8      | Found a shimmering blue altar of Sif Muna.
  9441 | D:8      | Received a gift from Trog
  9721 | D:8      | Identified the +7 spear of the Eleven Runes {flame, Dex+2}
  9835 | D:8      | Noticed a four-headed hydra
  9835 | D:8      | Noticed a red ugly thing
  9835 | D:8      | Noticed a catoblepas
  9867 | D:8      | Killed a four-headed hydra
 10169 | D:8      | Killed a catoblepas
 10474 | D:8      | Noticed Erica
 10509 | D:8      | Killed a red ugly thing
 10730 | D:8      | Found a white marble altar of Elyvilon.
 10752 | D:8      | Noticed a cyclops
 10774 | D:8      | Killed a cyclops
 10775 | D:8      | Reached XP level 11. HP: 89/104 MP: 10/10
 10940 | D:8      | Reached skill level 5 in Polearms
 11010 | D:8      | Found an opulent altar of Gozag.
 11033 | D:8      | Killed Erica
 11201 | D:8      | Noticed Psyche
 11205 | D:8      | Killed Psyche
 11353 | D:8      | Received a gift from Trog
 11706 | D:1      | Bought a ring of flight for 227 gold pieces
 11706 | D:1      | Bought a ring of protection from fire for 325 gold pieces
 12482 | D:10     | Entered Level 10 of the Dungeon
 12729 | D:10     | Found a runed translucent gate.
 12729 | D:10     | Found a runed translucent gate.
 12729 | D:10     | Found a runed translucent gate.
 12730 | D:10     | Found an opulent altar of Gozag.
 12732 | D:10     | Noticed Radamante's ghost (journeyman TeFi)
 12732 | D:10     | Noticed a yaktaur captain
 12973 | D:10     | Noticed a two-headed ogre
 12979 | D:10     | Killed a two-headed ogre
 12980 | D:10     | Reached skill level 5 in Dodging
 13417 | D:10     | Found a shimmering altar of Xom.
 13537 | D:10     | Found a staircase to the Orcish Mines.
 14098 | D:11     | Noticed Fannar
 14118 | D:11     | Received a gift from Trog
 14147 | D:11     | Reached XP level 12. HP: 115/115 MP: 11/11
 14167 | D:11     | Killed Fannar
 14579 | D:11     | Found a staircase to the Lair.
 15353 | Lair:1   | Entered Level 1 of the Lair of Beasts
 16166 | Lair:2   | Found a hole to the Spider Nest.
 16246 | Lair:2   | Noticed a seven-headed hydra
 16254 | Lair:2   | Killed a seven-headed hydra
 16893 | Lair:2   | Identified a scroll of acquirement
 16894 | Lair:2   | Acquired the ring of Dithmenos's Grace {rN+ Str+3 Int+6}
 17272 | Lair:3   | Found a staircase to the Swamp.
 17341 | Lair:3   | Reached XP level 13. HP: 125/125 MP: 12/12
 17485 | Lair:3   | Noticed Gastronok
 17509 | Lair:3   | Killed Gastronok
 17511 | Lair:3   | Reached skill level 15 in Fighting
 17824 | Lair:3   | Reached skill level 15 in Armour
 17939 | Lair:4   | Found a runed translucent gate.
 17939 | Lair:4   | Found a runed translucent gate.
 17940 | Lair:4   | Noticed everene's ghost (journeyman TrMo)
 18002 | Lair:4   | Found a runed translucent gate.
 18178 | Lair:4   | Found a dark tunnel.
 18186 | Volcano  | Entered a volcano
 19236 | Lair:4   | Reached skill level 10 in Dodging
 19551 | D:10     | Killed Radamante's ghost
 19841 | Lair:5   | Reached ****** piety under Trog
 20569 | Lair:6   | Entered Level 6 of the Lair of Beasts
 20703 | Lair:5   | Received a gift from Trog
 20784 | Lair:6   | Reached XP level 14. HP: 102/138 MP: 13/13
 21387 | Lair:6   | Found a staircase to the Slime Pits.
 21791 | Lair:6   | HP: 4/140 [eight-headed hydra[a boggart] (4)]
 21791 | Lair:6   | Slain by a spriggan rider

Illustrated notes

Levels and vault maps discovered:
D:1:      wheals_arrival_shading, layout_loops_cross, serial_shops, shop
D:2:      layout_basic
D:3:      layout_basic, uniq_sigmund, uniq_jessica
D:4:      cheibrodos_fertilizer, layout_basic
D:5:      layout_cave_pods, minmay_temple_entry_mini_moons, serial_glass,
          glass_columns_b, glass_columns_b, uniq_grinder
D:6:      layout_basic, uniq_edmund, uniq_menkaure
D:7:      layout_loops_corners, general_overflow_altar,
          nicolae_ossuary_entry_ruins, uniq_duvessa, uniq_pikel
D:8:      minmay_the_grid_octo_tiled_squarecenter
          [minmay_the_grid_octo_clover_2, minmay_the_grid_octo_vomiting_pacman,
          minmay_the_grid_octo_checkered, minmay_the_grid_octo_empty,
          minmay_the_grid_square_5x5_megaprize_checkered,
          minmay_the_grid_square_5x5_slash,
          minmay_the_grid_square_5x5_hourglass,
          minmay_the_grid_square_5x5_tri_point,
          minmay_the_grid_square_5x5_inverted_slash], layout_basic,
          elyvilon_altar_4, old_standard_altar, minmay_orc_keep, uniq_psyche,
          uniq_erica
D:9:      layout_loops_ring
D:10:     layout_stronghold, mainiacjoe_overflow_surrounded_room, erik_orc_1,
          ebering_ghost_gozag, minmay_diced_spiral
D:11:     layout_layer_cave, due_lair_maze_entry_diamond, special_room
          [special_room_kobold], uniq_fannar
Lair:1:   layout_roguey, lemuel_another_geyser
Lair:2:   layout_misc_corridors, dummy_spider_entry, nicolae_lair_lil_pond,
          serial_bayou_shore_b, serial_bayou_shore_b
Lair:3:   layout_chaotic_city, nicolae_swamp_entry_splash_gauntlet,
          serial_bayou_shore_b, lemuel_fruit_tree, uniq_gastronok
Lair:4:   layout_regular_city, gammafunk_ghost_hydra_chop, serial_rivers,
          chequers_serial_rivers_small_a, chequers_serial_rivers_micro_e,
          chequers_serial_rivers_small_3, chequers_serial_rivers_micro_e,
          chequers_serial_rivers_marsh, chequers_serial_rivers_small_b,
          lightli_volcano_entry_magma_tube, nicolae_lair_grove_arrangements
Lair:5:   layout_gridlike
Lair:6:   minmay_lair_end_enchanted_forest, layout_concentric_octagons,
          nicolae_slime_entry_slimehenge, minmay_shattered_shrine,
          grunt_megastairs_2

Skill      XL: |  1  2  3  4  5  6  7  8  9 10 11 12 13 14 |
---------------+-------------------------------------------+-----
Fighting       | 4 5 6 7 8 10 12 13 14 16 17 | 17.3
Axes           | 4 5 6 7 9 10 11 | 11.2
Armour         | 3 4 5 7 8 10 12 13 14 16 17 | 17.2
Polearms       | 4 7 9 |  9.7
Dodging        | 5 8 10 12 | 12.1

Action                   |  1- 3 |  4- 6 |  7- 9 | 10-12 | 13-15 || total
-------------------------+-------+-------+-------+-------+-------++-------
Melee: Hand axe          |    60 |       |    42 |    83 |       ||   185
       Headbutt          |     3 |    14 |    46 |   155 |   234 ||   452
       War axe           |       |    98 |   213 |       |       ||   311
       Punch             |       |     2 |     5 |     6 |    16 ||    29
       Spear             |       |       |       |   665 |   750 ||  1415
Throw: Dart              |       |     4 |     3 |       |       ||     7
Invok: Trog's Hand       |       |     1 |     1 |     1 |       ||     3
       Berserk           |       |       |     3 |     5 |     1 ||     9
Evoke: Wand              |       |       |       |       |     8 ||     8
  Use: Scroll            |     6 |     2 |    16 |    10 |     2 ||    36
 Stab: Sleeping          |     1 |       |       |       |       ||     1
Armor: Animal skin       |     9 |       |       |       |       ||     9
       Ring mail         |       |    34 |    74 |   228 |    44 ||   380
       Plate armour      |       |       |       |       |   370 ||   370
       Skin              |       |       |       |       |     2 ||     2
Dodge: Dodged            |    37 |    76 |   126 |   329 |   384 ||   952
